Description

ZvP Double Ling Elevator into Bane Drops

  • Hatch gas pool
  • Go Lair after queen pops (optional delay a queen to REALLY rush lair and this can scare your opponent)
  • 2 overlords one to drop main, one to drop the natural - 16 lings rally over to load both
  • Drone hard to 50 drones behind it, 2-gases
  • Melee upgrades, bane nest, bane speed, + ovie speed
  • Mass ling-bane nonstop and nonstop backstab, ling drop and bane drop the mineral lines

    - Keep expanding but only take minerals - don’t take gases - Mass Ling-bane for life

VOD

https://youtu.be/xOPClgVW_MA

Replay - ZvP double ling elevator into bane drops

Build Order

Get SALT Encoding   

  12  0:01  Drone  
  13  0:12  Overlord  
  13  0:18  Drone  
  14  0:31  Drone x3  
  17  0:48  Drone  
  18  1:00  Drone  
  18  1:01  Hatchery  
  18  1:10  Extractor  
  17  1:15  Spawning Pool  
  16  1:18  Drone  
  17  1:26  Drone  
  18  1:47  Drone  
  20  1:59  Overlord  
  22  2:18  Queen  
  22  2:19  Zergling x2  
  26  2:24  Lair  
  26  2:26  Zergling x2  
  30  2:53  Queen  
  32  2:59  Hatchery  
  32  3:05  Overlord  
  31  3:10  Metabolic Boost  
  32  3:13  Zergling x4  
  32  3:17  Overlord  
  34  3:28  Zergling x8  
  42  3:55  Overlord  
  44  4:02  Extractor  
  44  4:06  Queen, Evolution Chamber  
  44  4:10  Spore Crawler  
  57  4:57  Zergling x4  
  62  5:07  Zerg Melee Weapons Level 1  
  62  5:08  Queen  
  62  5:09  Baneling Nest  
  62  5:21  Pneumatized Carapace  
  66  5:35  Queen  
  75  5:56  Baneling x6  
  79  6:09  Baneling x4  
  82  6:57  Centrifical Hooks  
  82  7:01  Hatchery x2  
  82  7:04  Spore Crawler  
  82  7:08  Zerg Melee Weapons Level 2, Hatchery  
  84  7:33  Spine Crawler x2  
  69  8:20  Queen x2  
  69  8:25  Queen  
Spawning Tool Build Advisor. Get it on Overwolf

Go to:

Details

  • Created by: PiG      
  • Published on: Aug 12, 2019
  • Patch: 4.7.1
Show
View Real Time Build Order
Export as new Build Order

Comments (1)

On Feb. 1, 2020, 10:22 p.m., jchook  said:

This build is neat and all but even in Diamond league the protoss would have archon and would simply YOLO across the map and kill you

Create an account to comment!